 Dungeon Crawl Stone Soup version 0.29-a0-1016-g236c7fd91e (webtiles) character file.

Game seed: 7738138176181301107

58 Tef the Shield-Bearer (level 4, 0/52 HPs)
             Began as a Formicid Fighter on Aug 10, 2022.
             Killed from afar by Natasha (3 damage)
             ... with a puff of flame
             ... on level 3 of the Dungeon.
             The game lasted 00:02:36 (2103 turns).

Tef the Shield-Bearer (Formicid Fighter)            Turns: 2103, Time: 00:02:36

Health: 0/52       AC: 22    Str: 23    XL:     4   Next: 20%
Magic:  4/4        EV:  2    Int:  7    God:
Gold:   66         SH:  5    Dex: 13    Spells: 3/3 levels left

rFire   . . .      SeeInvis .   a - +0 war axe
rCold   . . .      Faith    .   c - +0 buckler
rNeg    . . .      Spirit   .   (body armour currently unavailable)
rPois   +          Reflect  .   (helmet unavailable)
rElec   .          Harm     .   (cloak currently unavailable)
rCorr   .          Rampage  .   (gloves currently unavailable)
Will    .....      Clarity  +   (boots currently unavailable)
Stlth   +.........              (no amulet)
HPRegen 0.17/turn               (no ring)
MPRegen 0.09/turn               (no ring)

@: tree-form
A: stationary, stasis, torment immunity, boosted hp, permanent stasis, dig
shafts and tunnels, (antennae 3), four strong arms, (iridescent scales 1),
clarity
a: no special abilities


You were on level 3 of the Dungeon.
You were a tree.
You visited 1 branch of the dungeon, and saw 3 of its levels.

You collected 66 gold pieces.

Inventory:

Hand Weapons
 a - a +0 war axe (weapon)
Armour
 b - a +0 scale mail (melded)
 c - a +0 buckler (worn)
 f - a +0 pair of boots (melded)
Jewellery
 i - a ring of protection from cold
 p - a ring of protection from fire
Scrolls
 e - a scroll of teleportation {unknown}
 g - a scroll of butterflies {unknown}
 h - a scroll of identify {unknown}
 k - a scroll of vulnerability {unknown}
Potions
 m - a potion of resistance


   Skills:
 - Level 3.2 Fighting
 + Level 2.9 Axes
 + Level 4.0 Armour
 + Level 4.9 Shields


You had 3 spell levels left.
You didn't know any spells.
Your spell library contained the following spells:

 Spells                   Type           Power      Damage    Failure   Level
 Ensorcelled Hibernation  Hex/Ice        0%         N/A       63%         2
 Spider Form              Tmut/Pois      0%         N/A       86%         3
 Stone Arrow              Conj/Erth      0%         3d7       86%         3
 Anguish                  Hex/Necr       0%         N/A       99%         4
 Animate Armour           Summ/Erth      0%         N/A       99%         4
 Lehudib's Crystal Spear  Conj/Erth      0%         10d2      100%        8


Dungeon Overview and Level Annotations

Branches:
Dungeon (3/15)

Altars:
Cheibriados
Hepliaklqana
Ru
Sif Muna

Annotations:
D:3 Natasha


Innate Abilities, Weirdness & Mutations

You are a tree.
Your roots penetrate the ground, keeping you stationary.
You cannot be teleported.
You are immune to unholy pain and torment.
Your maximum health is greatly increased.
Your equipment is partially melded.
You cannot be hasted, slowed, berserked, paralysed or teleported.
You can dig through walls and to a lower floor.
((You have a pair of large antennae on your head. (SInv)))
Your four strong arms can wield two-handed weapons with a shield.
((You are partially covered in iridescent scales. (AC +2)))
You possess an exceptional clarity of mind.


Message History

You hit Natasha.
Natasha is lightly wounded.
Natasha zaps a wand.
You block the puff of flame. Natasha claws you!
* * * LOW HITPOINT WARNING * * *
It was a potion of lignification.
You turn into a tree.
Your +0 pair of boots melds into your body.
Your +0 scale mail melds into your body.
Your roots penetrate the ground.
Natasha claws you but does no damage.
It was a potion of resistance.
You feel protected. Natasha claws you but does no damage.
It was a potion of haste.
Your stasis prevents you from being hasted.
The white imp disappears in a puff of smoke!
Natasha zaps a wand.
The puff of flame hits you but does no damage.
It was a potion of cancellation.
Your magical effects are unravelling.
You feel magically purged.
You feel less wooden.
Your +0 pair of boots unmelds from your body.
Your +0 scale mail unmelds from your body.
You feel a little less mighty now.
Your resistance to elements expires.
Natasha claws you.
* * * LOW HITPOINT WARNING * * *
Really quaff the potion of lignification?
You turn into a tree.
Your +0 pair of boots melds into your body.
Your +0 scale mail melds into your body.
Your roots penetrate the ground.
Natasha barely misses you.
Okay, then.
It was a potion of mutation.
You feel extremely strange.
Your thoughts seem clearer.
Iridescent scales grow over part of your body.
Natasha zaps a wand.
The puff of flame hits you but does no damage.
You hit Natasha but do no damage.
Natasha is lightly wounded.
Natasha zaps a wand.
The puff of flame hits you.
You die...

..≈..≈. ##⌠#### .≈.≈.≈.##
### .≈.≈..... ≈...≈...##
≈...≈≈... .......)#
..≈....w# .
≈≈.≈≈≈#h###### . ≈...≈
#.♣....##.
##.####........#+########
#.......###.#.#.........
######..###.#.#.#.###.#.
#............# #.#.
#..###.#.....###.#.
#..###.#...........
#...........######.
##########.#######.


You could see a worm and Natasha.

Vanquished Creatures
  2 adders (D:2)
  A worm (D:2)
  A dart slug (D:1)
  8 endoplasms
  2 goblins (D:1)
  A hobgoblin (D:1)
  2 quokkas
  5 ball pythons
  A bat (D:1)
  4 frilled lizards (D:1)
  4 kobolds
  A rat (D:1)
32 creatures vanquished.

Notes
Turn   | Place    | Note
-------+----------+-------------------------------------------
     0 | D:1      | Tef the Formicid Fighter began the quest for the Orb.
     0 | D:1      | Reached XP level 1. HP: 18/18 MP: 1/1
   499 | D:1      | Reached XP level 2. HP: 24/24 MP: 2/2
   775 | D:1      | Reached XP level 3. HP: 27/29 MP: 3/3
  1559 | D:2      | Reached XP level 4. HP: 33/35 MP: 4/4
  2005 | D:3      | Found a snail-covered altar of Cheibriados.
  2009 | D:3      | Found a sacrificial altar of Ru.
  2010 | D:3      | Found a shimmering blue altar of Sif Muna.
  2012 | D:3      | Found a hazy altar of Hepliaklqana.
  2085 | D:3      | Noticed Natasha
  2102 | D:3      | Gained mutation: You possess an exceptional clarity of
                  | mind. [potion of mutation]
  2102 | D:3      | Gained mutation: You are partially covered in iridescent
                  | scales. (AC +2) [potion of mutation]
  2103 | D:3      | Killed from afar by Natasha

Illustrated notes

Levels and vault maps discovered:
D:1:      dpeg_arrival_castle, layout_basic
D:2:      layout_loops_cross
D:3:      layout_loops_corners, nicolae_uskayaw_suspiria, minitemple,
          chequers_ecumenical_altar_twisty, kennysheep_generic_room_11,
          uniq_natasha, uniq_crazy_yiuf_cottage

Skill      XL: |  1  2  3  4 |
---------------+-------------+-----
Armour         | 4 |  4.0
Fighting       | |  3.2
Axes           | |  2.9
Shields        | |  4.9

Action                   |  1- 3 |  4- 6 || total
-------------------------+-------+-------++-------
Melee: War axe           |    72 |    15 ||    87
  Use: Potion            |       |     7 ||     7
Armor: Scale mail        |    31 |     6 ||    37
       Skin              |       |     4 ||     4
Dodge: Dodged            |    35 |     3 ||    38
Block: Buckler           |    12 |     3 ||    15

Table legend: (Time is in decaauts)
 A = Elapsed time spent in this place.
 B = Non-inter-level travel time spent in this place.
 C = Inter-level travel time spent in this place.
 D = Time resting spent in this place.
 E = Time spent auto-exploring this place.
 F = Levels seen in this place.
 G = Mean time per level.
                   A        B        C        D        E       F      G
               +--------+--------+--------+--------+--------+-----+--------+
         Total |   2142 |   2071 |     71 |    303 |   1507 |   3 |  714.0 |
       Dungeon |   2142 |   2071 |     71 |    303 |   1507 |   3 |  714.0 |
               +--------+--------+--------+--------+--------+-----+--------+

Top non-repeatable levels by time:
     D:1: 1274 daAuts
     D:2: 767 daAuts
     D:3: 100 daAuts
